 Dungeon Crawl Stone Soup version 0.31-a0-1321-g5021b54cb2 (webtiles) character file.

Game seed: 8197559482352113502

508 Curundu the Trooper (level 7, -3/61 HPs)
             Began as a Hill Orc Berserker on Dec 21, 2023.
             Was a Believer of Trog.
             Slain by a gnoll sergeant
             ... wielding a +0 trident
              (12 damage)
             ... on level 5 of the Dungeon.
             The game lasted 00:13:26 (4025 turns).

Curundu the Trooper (Hill Orc Berserker)            Turns: 4025, Time: 00:13:27

Health: -3/61      AC: 11    Str: 22      XL:     7   Next: 18%
Magic:  7/7        EV:  9    Int:  7      God:    Trog [**....]
Gold:   143        SH:  0    Dex: 14 (16) Spells: 6/6 levels left

rFire   . . .        k - +4 flail (venom)
rCold   + . .        (no shield)
rNeg    . . .        u - +0 chain mail
rPois   .            (no helmet)
rElec   .            (no cloak)
rCorr   .            (no gloves)
SInv    .            y - +1 pair of boots
Will    .....        (no amulet) Stlth
                     g - ring of protection from cold
HPRegen 0.30/turn    z - +6 ring of dexterity
MPRegen 0.10/turn

%: no passive effects
@: no status effects
A: no striking features
a: Renounce Religion, Berserk, Trog's Hand


You were on level 5 of the Dungeon.
You worshipped Trog.
Trog was pleased with you.
You visited 1 branch of the dungeon, and saw 5 of its levels.

You collected 198 gold pieces.
You spent 55 gold pieces at shops.

Inventory:

Hand Weapons
 k - a +4 flail of venom (weapon)
Missiles
 m - 5 curare-tipped darts
 q - 5 boomerangs
 A - 3 datura-tipped darts
Armour
 u - a +0 chain mail (worn)
 y - a +1 pair of boots (worn)
Jewellery
 g - a ring of protection from cold (left hand)
 z - a +6 ring of dexterity (right hand)
Scrolls
 a - a scroll of fear {unknown}
 b - 2 scrolls of amnesia {unknown}
 c - 4 scrolls of teleportation
 d - a scroll of revelation {unknown}
 e - a scroll of enchant weapon {unknown}
 h - a scroll of brand weapon
 j - 2 scrolls of identify {unknown}
 l - a scroll of blinking {unknown}
 v - a scroll of poison {unknown}
 B - a scroll of fog {unknown}
Potions
 f - a potion of cancellation {unknown}
 i - 3 potions of curing {unknown}
 n - a potion of mutation {unknown}
 o - a potion of magic {unknown}
 p - a potion of attraction {unknown}
 r - a potion of heal wounds
 s - a potion of might {unknown}
 t - a potion of enlightenment {unknown}
 w - a potion of haste {unknown}
 x - a potion of invisibility {unknown}


   Skills:
 + Level 5.1 Fighting
 + Level 5.0(6.1) Axes
 + Level 4.5(5.3) Maces & Flails
 + Level 0.1 Throwing
 + Level 3.0 Armour
 + Level 3.3 Dodging
 + Level 1.2 Stealth


You had 6 spell levels left.
You didn't know any spells.
Your spell library was empty.

Dungeon Overview and Level Annotations

Branches:
Dungeon (5/15)
 Temple: D:4-7

Altars:
Kikubaaqudgha
Sif Muna
Uskayaw
The Shining One

Shops:
D:2 !   D:3 *


Message History

An orc comes into view. It is wielding a +0 mace.
The orc shouts!
The orc barely misses you.
You hit the orc.
The orc is poisoned.
The orc is heavily wounded.
The orc hits you with a +0 mace.
You hit the orc.
You kill the orc!
Trog accepts your kill.
Things that are here:
a +0 mace; a +0 leather armour; an orc corpse HP restored.
B - a scroll labelled OKHES TATELODI An orc warrior comes into view.
It is wielding a +0 great sword.
The orc warrior shouts!
You hear a shout! x2
Things that are here:
a +0 mace; a +0 leather armour; an orc corpse A gnoll sergeant comes into view.
It is wielding a +0 trident.
You sock the orc warrior!
The orc warrior is moderately wounded.
The orc warrior closely misses you.
You closely miss the orc warrior.
The orc warrior is moderately wounded.
The orc warrior hits you with a +0 great sword.
The orc warrior barely misses you.
You sock the orc warrior!
The orc warrior is poisoned.
The orc warrior is severely wounded.
The orc warrior hits you with a +0 great sword!
You hit the orc warrior but do no damage.
The orc warrior looks as sick as possible!
The orc warrior is severely wounded.
The gnoll sergeant hits you from afar with a +0 trident.
The orc warrior hits you with a +0 great sword!
The gnoll sergeant hits you from afar with a +0 trident!
You closely miss the orc warrior.
The orc warrior is almost dead.
The orc warrior hits you with a +0 great sword!
* * * LOW HITPOINT WARNING * * *
The gnoll sergeant hits you from afar with a +0 trident!
You die...

......PP##....##..#
#
#.....P.#....#####
##..P.P#.#.|..#
P............##
.###..........#
#........#...#
#........#...+
#.###...........##
#...).@......#...
#....#.og....#....
###...<......# ##
#.............
##..####...... #...
##..### #... ..#)#
##..# o## .. .


You could see an orc warrior (extremely poisoned) and a gnoll sergeant.

Vanquished Creatures
  A vampire bat (D:3)
  3 quasits (D:4)
  A jelly (D:3)
  An orc priest (D:4)
  Crazy Yiuf (D:4)
  A hound (D:5)
  A sleepcap (D:4)
  An orc wizard (D:3)
  The ghost of bmb222 the Sneak, a weakling FoDe (D:4)
  2 adders (D:5)
  2 worms (D:2)
  4 dart slugs
  3 fire bats (D:3)
  9 orcs
  2 spectral bats (D:3)
  13 bats
  3 bat skeletons (D:3)
  A bat zombie (D:3)
  4 endoplasms
  A giant cockroach (D:1)
  4 goblins
  4 hobgoblins
  3 jackals (D:2)
  6 kobolds
  6 quokkas
  4 ball pythons
  A bat simulacrum (D:3)
  2 frilled lizards
  A rat (D:2)
86 creatures vanquished.

Notes
Turn   | Place    | Note
-------+----------+-------------------------------------------
     0 | D:1      | Curundu the Hill Orc Berserker began the quest for the Orb.
     0 | D:1      | Reached XP level 1. HP: 19/19 MP: 1/1
   240 | D:1      | Reached XP level 2. HP: 27/27 MP: 2/2
   513 | D:1      | Found a faded altar of an unknown god.
   935 | D:2      | Reached XP level 3. HP: 19/33 MP: 3/3
  1289 | D:2      | Found Irpheh's Distillery.
  1308 | D:2      | Bought a potion of heal wounds for 55 gold pieces
  1630 | D:3      | Reached ** piety under Trog
  1914 | D:3      | Reached XP level 4. HP: 40/40 MP: 4/4
  1927 | D:3      | Reached skill level 1 in Maces & Flails
  1948 | D:3      | Reached skill level 5 in Axes
  1961 | D:3      | Reached XP level 5. HP: 7/47 MP: 5/5
  1961 | D:3      | HP: 2/47 [fire bat (1)]
  2206 | D:3      | Found a glowing golden altar of the Shining One.
  2293 | D:3      | Reached XP level 6. HP: 23/53 MP: 6/6
  2678 | D:3      | Found Gusan's Assorted Antiques.
  2754 | D:3      | Found a shimmering blue altar of Sif Muna.
  3018 | D:4      | Found a transporter.
  3327 | D:4      | Noticed bmb222's ghost (weakling FoDe)
  3349 | D:4      | Found a transporter.
  3400 | D:4      | Found a runed translucent door.
  3401 | D:4      | Noticed Crazy Yiuf
  3405 | D:4      | Killed Crazy Yiuf
  3409 | D:4      | Identified the +2 hammer "Nazxulee" {venom, Str+2}
  3520 | D:4      | Found a hide-covered altar of Uskayaw.
  3876 | D:4      | Reached skill level 1 in Stealth
  3880 | D:4      | Killed bmb222's ghost
  3890 | D:4      | Reached skill level 5 in Fighting
  3893 | D:4      | Reached XP level 7. HP: 54/61 MP: 7/7
  3962 | D:5      | Entered Level 5 of the Dungeon
  3987 | D:5      | Found an ancient bone altar of Kikubaaqudgha.
  4025 | D:5      | Slain by a gnoll sergeant

Illustrated notes

Levels and vault maps discovered:
D:1:      dpeg_arrival_erosion, layout_basic,
          chequers_ecumenical_altar_simple_redux
D:2:      layout_loops_ring, serial_shops, shop
D:3:      layout_loops_ring, pf_just_have_faith, led_sif_book, serial_shops,
          nicolae_shop_real_fake_doors, goddamned_bats
D:4:      layout_cave_pods, mainiacjoe_overflow_catwalk,
          gammafunk_ghost_stat_death, uniq_crazy_yiuf_cottage
D:5:      layout_rooms, kiku_gazebo_garden_becter,
          regret_index_temple_of_mockery, sword_in_stone

Skill      XL: |  1  2  3  4  5  6  7 |
---------------+----------------------+-----
Fighting       | 4 5 |  5.1
Dodging        | 2 3 |  3.3
Maces & Flails | 1 3 4 |  4.5
Axes           | 5 |  5.0
Stealth        | 1 |  1.2
Armour         | 3 |  3.0
Throwing       | |  0.1

Action                     |  1- 3 |  4- 6 |  7- 9 || total
---------------------------+-------+-------+-------++-------
  Melee: Hand axe          |    66 |       |       ||    66
         Flail             |    30 |   102 |    15 ||   147
         Punch             |     1 |     1 |       ||     2
  Throw: Boomerang         |       |     2 |       ||     2
 Invoke: Trog's Hand       |       |     1 |       ||     1
    Use: Potion            |       |     1 |       ||     1
         Scroll            |       |     2 |       ||     2
 Armour: Animal skin       |    56 |    85 |       ||   141
         Chain mail        |       |   100 |    16 ||   116
  Dodge: Dodged            |    68 |   152 |     5 ||   225

Table legend: (Time is in decaauts)
 A = Elapsed time spent in this place.
 B = Non-inter-level travel time spent in this place.
 C = Inter-level travel time spent in this place.
 D = Time resting spent in this place.
 E = Time spent auto-exploring this place.
 F = Levels seen in this place.
 G = Mean time per level.
                   A        B        C        D        E       F      G
               +--------+--------+--------+--------+--------+-----+--------+
         Total |   4125 |   4123 |      2 |    125 |   2906 |   5 |  825.0 |
       Dungeon |   4125 |   4123 |      2 |    125 |   2906 |   5 |  825.0 |
               +--------+--------+--------+--------+--------+-----+--------+

Top non-repeatable levels by time:
     D:3: 1389 daAuts
     D:4: 1031 daAuts
     D:1: 913 daAuts
     D:2: 725 daAuts
     D:5: 64 daAuts
